Nebula, chaotic male elven Priest -- -.-- |...| ....| ....-- .|..... |.|.... --.|.... -......-- ........| ....... ..f -- ---.--- --- .. |G@[.)--|.. ---.----- -.---..--.- |...|...---- G. |.....-- |..-.......-------- -- |......-- |............--.|<| --......----....|.--.........| -----........).|-----.----.-- ------------ --- --- Nebula the Acolyte Experience level: 4 Strength: 17 Dexterity: 11 Constitution: 16 Intelligence: 10 Wisdom: 17 Charisma: 9 Health: 0(30) Energy: 51(58) Def: 8 Gold: 439 Moves: 1526 Dungeon seed: jx7ILPr9PUHTA9Oq Game ID: Nebula_1614649945 Your Inventory: Coins $ - 439 gold pieces Weapons a - a blessed +1 mace (weapon in hand) j - a +0 war hammer t - 6 +0 crossbow bolts w - a blessed +0 dagger Armor e - a +0 robe (being worn) n - a +0 small shield (being worn) r - a +0 dwarvish cloak y - a +0 dwarvish cloak z - a +0 pair of iron shoes (being worn) Comestibles c - a clove of garlic d - a sprig of wolfsbane Scrolls s - a cursed scroll of teleportation Spellbooks f - a spellbook of protection g - a spellbook of healing Potions b - 4 potions of holy water m - a cursed potion of sickness Tools h - a magic marker (0:39) i - a wooden flute l - a magic lamp v - 7 wax candles (0:400) Gems q - a worthless piece of violet glass N - an opal Spells and supernatural/magical abilities: Name Level Category Fail Memory h - healing 1 healing 0% 93% p - protection 1 clerical 0% 93% W - pray for help -- divine ? -- X - turn undead -- divine ? -- Your skills at the end: Fighting Skills Weapon Skills mace [Basic] Spellcasting Skills clerical spells [Basic] Final Attributes: You were piously aligned. You were sleep resistant. You had infravision. You were protected. You are dead. Vanquished creatures: a gnomish wizard 3 dwarves 2 coyotes a gas spore a giant rat a yellow mold a green mold 2 gnomes a gecko a jackal 2 sewer rats 3 grid bugs 5 lichens 3 newts 27 creatures vanquished. Genocided species: master liches 1 species genocided. Voluntary challenges: You used a wielded weapon 26 times, starting on turn 14. You read items or engraved 3 times, starting on turn 26. You genocided 1 type of monster, starting on turn 26. You never polymorphed an object. You never changed form. You used no wishes. You never split a pudding. You never wrote Elbereth's name. You never violated your personal moral code. Dungeon overview: The Dungeons of Doom: levels 1 to 4 Level 1 a sink a long staircase Level 2 Level 3 a sink Level 4 a fountain stairs to The Gnomish Mines The Gnomish Mines: Level 5 <- You were here stairs to The Dungeons of Doom History has recorded: On T:1 you entered the Dungeons of Doom to retrieve the Amulet of Yendor! On T:219 you reached level 2 of The Dungeons of Doom. On T:632 you reached level 3 of The Dungeons of Doom. On T:653 you advanced to experience level 2. On T:676 you reached level 4 of The Dungeons of Doom. On T:1455 you reached level 1 of The Gnomish Mines. On T:1483 you advanced to experience level 3. On T:1521 you advanced to experience level 4. Score breakdown: Gold: 439 ( 8992 points) Experience: 4 levels ( 9649 points) Exploration: 5 levels ( 9.62%) ( 8401 points) Discoveries: 2 items ( 0.70%) ( 2508 points) Valuables value: (no points given unless you survive) Artifact value: 0 ( 0 points) Variety of kills: 14 monsters ( 3.67%) ( 5750 points) Turncount: 1526 turns ( 0 points) Survival: died (score multiplied by 80%) Total score: 28240 Latest messages: The gnome king picks up a dagger. You stop changing your equipment. You continue equipping your pair of hard shoes. You are now wearing a pair of hard shoes. The gnome king throws a dagger! The dagger misses the dwarf. You are hit by a dagger. You hit the dwarf! The dwarf hits! You kill the dwarf! Welcome to experience level 4. You feel awake! There are a few objects here. The gnome king wields a thonged club! N - a white gem. Qwerty eats a partly eaten dwarf corpse. The gnome king swings his thonged club. The gnome king hits! You hit the gnome king! The air around you begins to shimmer with a golden haze. The gnome king swings his thonged club. The gnome king hits! You die... Final status: Goodbye Nebula the Priest, killed by a gnome king... You died in The Gnomish Mines on dungeon level 5 with 28240 points, and 439 pieces of gold, after 1526 moves. You were level 4 with a maximum of 30 hit points when you died.